AoeStats
← Comend x comend

Nomad

509691220Analyzed
3v3 RM · 3d ago on Sep 27, 2026· 49m 33s· 6 players
Game mode
Random Map
Map size
210×210
Population
200
Speed
Normal
Resources
Standard
Victory
Conquest
Starting age
Dark Age
Ending age
Imperial Age
RankedLock teamsTeams togetherTeam positionsShared explorationLock speedFull tech treeHidden civsTurbo modeCheats
Victory
Defeat
🇵🇪 Tatars · Peru
1354
+10
🇮🇳 Bulgarians · India
1303
+12
🇷🇺 Saracens · Russia
1289
+13
🇦🇷 Teutons · Argentina
1232
-12
🇦🇷 Malay · Argentina
1228
-12
🇦🇷 Mongols · Argentina
1206
-11
Unlucky
5:06 Loom
15:56 Feudal Age
16:47 Fishing Lines
19:33 Castle Age
19:17 Scale Barding Armor
20:25 Double-Bit Axe
21:17 Gillnets
22:31 Horse Collar
23:59 Wheelbarrow
26:08 Town Watch
27:24 Bloodlines
27:15 Husbandry
28:08 Medium Warships
28:26 Fletching
28:58 Chain Barding Armor
29:55 Bodkin Arrow
30:13 Stone Mining
30:15 Gold Mining
31:09 Forging
34:55 Imperial Age
36:06 Gold Shaft Mining
36:31 Plate Barding Armor
36:17 Elite Mameluke
37:18 Conscription
37:48 Plate Barding Armor
40:22 Iron Casting
42:05 Blast Furnace
42:25 Ballistics
45:33 Hand Cart
47:44 Bracer
47:44 Padded Archer Armor
48:11 Siege Engineers
49:07 Chemistry
48:20 Heavy Plow
49:26 Counterweights
RockAxe2
7:06 Loom
14:07 Feudal Age
14:41 Feudal Age
19:29 Castle Age
19:20 Double-Bit Axe
19:16 Horse Collar
20:32 Heavy Plow
21:27 Bow Saw
25:20 Medium Warships
26:49 Wheelbarrow
27:35 Fishing Lines
27:50 Town Watch
28:28 Bloodlines
28:34 Scale Mail Armor
28:41 Scale Barding Armor
29:31 Chain Mail Armor
29:27 Forging
29:08 Fletching
30:29 Stirrups
32:08 Gold Mining
32:08 Stone Mining
36:17 Imperial Age
34:08 Bodkin Arrow
34:15 Padded Archer Armor
34:54 Husbandry
35:19 Chain Barding Armor
35:20 Hand Cart
37:00 Stone Shaft Mining
38:38 Plate Barding Armor
38:39 Iron Casting
38:56 Masonry
39:18 Bracer
41:07 Blast Furnace
40:30 Conscription
41:39 Architecture
41:32 Ballistics
41:44 Architecture
42:24 Plate Mail Armor
42:36 Siege Engineers
43:06 Heavy Scorpion
44:39 Murder Holes
45:46 Chemistry
47:30 Light Cavalry
48:26 Hussar
49:48 Town Patrol
Comend x comend
5:55 Loom
13:02 Feudal Age
17:47 Castle Age
15:27 Man-at-Arms
17:56 Long Swordsman
19:30 Double-Bit Axe
19:09 Long Swordsman
22:39 Horse Collar
27:47 Bow Saw
28:00 Stone Mining
31:37 Gold Mining
32:34 Wheelbarrow
38:35 Imperial Age
37:46 Heavy Plow
38:34 Town Watch
39:30 Gold Shaft Mining
39:56 Hand Cart
40:07 Elite Keshik
41:17 Bloodlines
41:13 Scale Barding Armor
42:15 Chain Barding Armor
42:06 Husbandry
42:16 Silk Armor
45:07 Plate Barding Armor
44:43 Forging
46:45 Iron Casting
48:01 Conscription
48:24 Timurid Siegecraft
50:59 Blast Furnace
Mark Renton
4:50 Loom
14:15 Feudal Age
14:40 Town Watch
14:42 Fishing Lines
14:55 Double-Bit Axe
18:31 Castle Age
16:42 Fletching
18:20 Medium Warships
18:34 Bodkin Arrow
19:18 Bow Saw
21:38 Wheelbarrow
27:13 Crossbowman
28:57 Thalassocracy
35:48 Imperial Age
34:29 Ballistics
34:40 Arbalester
35:25 Thumb Ring
35:55 Bracer
38:33 Chemistry
38:36 Horse Collar
38:46 Gold Mining
39:56 Conscription
40:02 Heavy Plow
41:51 Padded Archer Armor
42:15 Pikeman
42:55 Squires
43:04 Halberdier
45:32 Gillnets
45:20 Elite Skirmisher
Niimiiitzz'
6:01 Loom
14:06 Feudal Age
26:59 Castle Age
24:52 Double-Bit Axe
30:11 Wheelbarrow
34:00 Fletching
37:34 Gold Mining
40:45 Imperial Age
38:47 Bodkin Arrow
40:41 Thumb Ring
42:15 Parthian Tactics
41:26 Heavy Cavalry Archer
43:19 Ballistics
44:48 Chemistry
44:52 Bracer
46:28 Gold Shaft Mining
46:01 Husbandry
46:31 Bloodlines
48:47 Pikeman
49:34 Scale Mail Armor
49:44 Forging
Mayhem
4:38 Loom
13:37 Feudal Age
17:27 Castle Age
15:16 Double-Bit Axe
15:24 Gold Mining
17:51 Fishing Lines
18:41 Bow Saw
18:44 Gillnets
19:49 Scale Mail Armor
20:03 Forging
19:54 Scale Mail Armor
20:47 Medium Warships
21:22 Squires
21:07 Gambesons
22:01 Iron Casting
21:29 Town Watch
22:13 Stone Mining
22:19 Man-at-Arms
23:14 Horse Collar
23:29 Long Swordsman
24:50 Wheelbarrow
26:58 Heavy Plow
27:56 Stone Shaft Mining
27:40 Chain Mail Armor
27:14 Arson
28:37 Fletching
29:50 Hand Cart
33:34 Imperial Age
31:57 Ironclad
32:03 Ballistics
31:43 Bodkin Arrow
33:30 Masonry
33:30 Scale Barding Armor
35:00 Heavy Warships
35:02 Conscription
35:12 Careening
35:14 Clinker Construction
36:05 Chemistry
36:10 Two-Man Saw
35:41 Crop Rotation
35:36 Crenellations
36:36 Plate Mail Armor
37:07 Blast Furnace
36:26 Siege Engineers
38:38 Hoardings
38:12 Siphons
38:28 Carvel Hull
37:54 Two-Handed Swordsman
38:58 Chain Barding Armor
39:48 Elite Teutonic Knight
44:50 Pikeman
46:04 Halberdier
Connection lost

Rejoining the realm…

Still unreachable

The connection could not be restored.

Session expired

The server has moved on; the page needs a fresh start.